 Dungeon Crawl Stone Soup version 0.17-b1-22-g5359643 (webtiles) character file.

77 Lysie the Ducker (level 4, -3/21 HPs)
             Began as a Spriggan Enchanter on Nov 5, 2015.
             Slain by an orc
             ... wielding a +0 short sword
              (4 damage)
             ... on level 2 of the Dungeon.
             The game lasted 00:05:05 (2586 turns).

Lysie the Ducker (Spriggan Enchanter)               Turns: 2586, Time: 00:05:05

Health: -3/21      AC:  3    Str:  5    XL:     4   Next: 13%
Magic:  18/18      EV: 20    Int: 16    God:
Gold:   157        SH:  0    Dex: 16    Spells: 3 memorised, 2 levels left

rFire  . . .     SeeInvis +     a - +1 dagger
rCold  . . .     Clarity  .     b - +1 robe
rNeg   . . .     SustAt   .     (shield restricted)
rPois  .         Gourm    .     (helmet restricted)
rElec  .         Spirit   .     (no cloak)
rCorr  .         Warding  .     (gloves unavailable)
rMut   .         Stasis   .     (boots unavailable)
MR     +....                    (no amulet)
Stlth  +++.......               n - ring of protection from magic
                                k - ring of magical power

@: very quick, somewhat resistant to hostile enchantments, fairly stealthy
A: unfitting armour, see invisible, herbivore 3, speed 3, slow metabolism 2
a: no special abilities


You were on level 2 of the Dungeon.
You were not hungry.

You visited 1 branch of the dungeon, and saw 2 of its levels.

You collected 157 gold pieces.

Inventory:

Hand Weapons
 a - a +1 dagger (weapon)
Armour
 b - a +1 robe (worn)
Jewellery
 k - a ring of magical power (left hand)
 n - a ring of protection from magic (right hand)
Wands
 e - a wand of slowing (18)
Scrolls
 f - 2 scrolls of teleportation
 o - 2 scrolls of fear
Potions
 g - a potion of flight {unknown}
 p - a potion of magic {unknown}
Books
 c - a book of Maledictions

   Spells                             Type                      Level
   a - Corona                         Hexes                        1
   b - Ensorcelled Hibernation        Hexes/Ice                    2
   c - Confuse                        Hexes                        3
   d - Tukima's Dance                 Hexes                        3
   e - Dazzling Spray                 Conjuration/Hexes            3
Comestibles
 d - 3 bread rations
 l - a slice of pizza


   Skills:
 * Level 2.9 Short Blades
 + Level 5.2 Dodging
 - Level 4.4 Stealth
 - Level 2.6 Spellcasting
 - Level 3.6 Hexes


You had 2 spell levels left.
You knew the following spells:

 Your Spells              Type           Power        Failure   Level  Hunger
a - Corona                Hex            ##.....      6%          1    #......
b - Ensorcelled Hibernat  Hex/Ice        #.....       17%         2    ##.....
c - Dazzling Spray        Conj/Hex       #.......     34%         3    ###....


Dungeon Overview and Level Annotations

Branches:
Dungeon (2/15)

Altars:
Cheibriados
Yredelemnul


Innate Abilities, Weirdness & Mutations

You are tiny and cannot use many weapons and most armour.
You have supernaturally acute eyesight.
You are a herbivore.
You cover ground extremely quickly.
You need consume almost no food.


Message History

The orc misses you. The orc wizard misses you.
You closely miss the orc wizard.
The orc wizard is heavily wounded.
The orc wizard hits you but does no damage.
The orc barely misses you.
You hit the orc wizard.
The orc wizard is severely wounded.
The orc wizard hits you with a dagger.
* * * LOW HITPOINT WARNING * * *
The orc closely misses you.
You closely miss the orc wizard.
The orc wizard is severely wounded.
The orc wizard completely misses you.
You barely miss the orc wizard.
The orc wizard is severely wounded.
The orc completely misses you.
You hit the orc wizard.
The orc wizard is severely wounded.
The orc wizard misses you. The orc hits you with a short sword.
You die...

#.# ####.##### #.#
##'## #.#
#######...##
##.###..).#.....##
#...##...)#......##
#....#._..()......#
#....#...รท#.......'
##...#....#..>....#
#@o#######......##
##o## #.....## #oo#
##...## #.## ##.##
#.# #.# #.# #.#
#####.##### #####.##
#.........#
#......##
#.###.###.#
#.#.....#


You could see an orc wizard (invisible) and 3 orcs.

Vanquished Creatures
  3 adders (D:2)
  A giant gecko (D:1)
  An orc (D:2)
  A ball python (D:2)
  5 bats
  2 gnoll zombies (D:2)
  6 hobgoblins
  8 kobolds
  A quokka (D:2)
  3 giant cockroaches
  A giant newt (D:1)
  10 goblins
  3 jackals (D:2)
  2 rats
47 creatures vanquished.

Notes
Turn   | Place    | Note
--------------------------------------------------------------
     0 | D:1      | Lysie the Spriggan Enchanter began the quest for the Orb.
     0 | D:1      | Reached XP level 1. HP: 9/9 MP: 5/5
     2 | D:1      | Noticed a demigod
     2 | D:1      | Noticed a centaur
     4 | D:1      | Noticed an ogre
     4 | D:1      | Noticed a human
     6 | D:1      | Noticed a tengu
     6 | D:1      | Noticed a spriggan
     8 | D:1      | Noticed a troll
     8 | D:1      | Noticed a minotaur
    10 | D:1      | Noticed a draconian
    12 | D:1      | Noticed a naga
    12 | D:1      | Noticed a gargoyle
    14 | D:1      | Noticed a demonspawn
    14 | D:1      | Noticed a vine stalker
    18 | D:1      | Noticed a dwarf
    20 | D:1      | Noticed a merfolk
    20 | D:1      | Noticed an elf
    22 | D:1      | Noticed a felid
    22 | D:1      | Noticed a vampire
    24 | D:1      | Noticed an octopode
    24 | D:1      | Noticed a ghoul
    26 | D:1      | Noticed a formicid
   333 | D:1      | Reached XP level 2. HP: 13/13 MP: 6/6
   405 | D:1      | Learned a level 2 spell: Ensorcelled Hibernation
  1140 | D:2      | Reached XP level 3. HP: 13/16 MP: 8/8
  1475 | D:2      | Learned a level 3 spell: Dazzling Spray
  1732 | D:2      | Found a basalt altar of Yredelemnul.
  2263 | D:2      | Found a snail-covered altar of Cheibriados.
  2266 | D:2      | Reached skill level 5 in Dodging
  2287 | D:2      | Reached XP level 4. HP: 13/21 MP: 9/9
  2583 | D:2      | HP: 1/21 [orc wizard/dagger (3)]
  2586 | D:2      | Slain by an orc

Action                   |  1- 3 |  4- 6 || total
-------------------------+-------+-------++-------
Melee: Dagger            |   167 |    32 ||   199
 Cast: Dazzling Spray    |     1 |       ||     1
  Use: Scroll            |     8 |       ||     8
 Stab: Sleeping          |     7 |       ||     7
